 Dungeon Crawl Stone Soup version 0.30.0 (webtiles) character file.

Game seed: 2705064892339276721

88 Kenran the Cudgeller (level 4, -5/39 HPs)
             Began as a Minotaur Delver on May 6, 2023.
             Slain by a gnoll
             ... wielding a +0 whip
              (7 damage)
             ... on level 2 of the Dungeon.
             The game lasted 00:04:40 (1727 turns).

Kenran the Cudgeller (Minotaur Delver)              Turns: 1727, Time: 00:04:40

Health: -5/39      AC:  4    Str: 19    XL:     4   Next: 30%
Magic:  3/3        EV: 11    Int:  7    God:
Gold:   80         SH:  0    Dex: 11    Spells: 3/3 levels left

rFire   . . .        a - +0 mace
rCold   . . .        (no shield)
rNeg    . . .        b - +0 leather armour
rPois   .            (helmet restricted)
rElec   .            (no cloak)
rCorr   .            (no gloves)
SInv    .            m - +0 pair of boots
Will    .....        (no amulet)
Stlth   ++           (no ring)
HPRegen 0.26/turn    (no ring)
MPRegen 0.08/turn

%: no passive effects
@: mighty, about to teleport
A: horns 2, retaliatory headbutt
a: no special abilities


You were on level 2 of the Dungeon.
You visited 1 branch of the dungeon, and saw 5 of its levels.

You collected 80 gold pieces.


Innate Abilities, Weirdness & Mutations

You have a pair of horns on your head.
You reflexively headbutt those who attack you in melee.


   Skills:
 - Level 3.6 Fighting
 + Level 5.6 Maces & Flails
 - Level 2.1 Dodging
 - Level 4.1 Stealth


You had 3 spell levels left.
You didn't know any spells.
Your spell library contained the following spells:

 Spells                   Type           Power      Damage    Failure   Level
 Poisonous Vapours        Pois/Air       0%         N/A       63%         2
 Inner Flame              Hex/Fire       0%         N/A       86%         3
 Mephitic Cloud           Conj/Pois/Air  0%         N/A       86%         3
 Flame Wave               Conj/Fire      0%         2d4       99%         4
 Sticky Flame             Conj/Fire      0%         2d3       99%         4
 Freezing Cloud           Conj/Ice/Air   0%         6-21      100%        5

Inventory:

Hand Weapons
 a - a +0 mace (weapon)
Armour
 b - a +0 leather armour (worn)
 m - a +0 pair of boots (worn)
   (You found it on level 2 of the Dungeon)
 n - a +0 plate armour
   (You found it on level 2 of the Dungeon)
Wands
 g - a wand of digging (3)
Scrolls
 c - 2 scrolls of fog
 d - a scroll of magic mapping {!r}
 e - 2 scrolls of teleportation {@r4}
 h - a scroll of noise {unknown}
 j - 3 scrolls of identify {unknown}
 l - a scroll of acquirement {unknown}
Potions
 f - a potion of haste {@q3}
 k - a potion of curing {unknown}

Dungeon Overview and Level Annotations

Branches:
Dungeon (5/15) Zot: 25490
 Temple: D:4-7

Altars:

######
#.r@g#
#.##g#
#. #.#
#. #.#
#? #.#
#. #.#
#. #.#
#. #.#
#.#


You could see 2 gnolls and a rat.


Message History

Your hp is fully restored (39).
A rat is nearby!
A ball python comes into view.
There is an open door here.
You see here a hobgoblin corpse.
The ball python hisses angrily.
You hit the rat.
You kill the rat!
You sock the ball python!
You kill the ball python!
No target in view!
No target in view!
A gnoll comes into view. It is wielding a +2 vampiric spear.
The gnoll shouts!
The gnoll moves out of view.
A gnoll comes into view. It is wielding a +0 spear.
A gnoll is nearby!
A gnoll comes into view. It is wielding a +0 whip.
The gnoll hits you but does no damage.
Press: ? - help, v - describe, . - travel
Here: a gnoll, wielding a +2 vampiric spear The floor.
The gnoll shouts!
The gnoll barely misses you.
You see here a +0 plate armour.
n - a +0 plate armour The gnoll hits you from afar with a +0 spear. 😕 HP[-2]
You take 2 damage, and now have 37/39 hp. 😕 HP[+1]
The gnoll closely misses you.
You hit the gnoll. The gnoll closely misses you.
The gnoll hits you with a +0 spear. 😕 HP[-3]
You take 3 damage, and now have 35/39 hp.
You hit the gnoll but do no damage.
The gnoll hits you from afar with a +2 vampiric spear.
The gnoll hits you with a +0 spear! 😮 HP[-9]
You take 9 damage, and now have 26/39 hp.
MASSIVE DAMAGE!! (PAUSE)
You barely miss the gnoll. You headbutt the gnoll!
You kill the gnoll!
The gnoll closely misses you. 😮 HP[+1] 😮 HP[+1] 😮 HP[+1] 😕 HP[+1]
A rat comes into view.
The rat closely misses you.
You hit the rat but do no damage. The rat closely misses you.
The gnoll closely misses you.
You barely miss the rat. Your headbutt misses the rat.
The rat bites you but does no damage.
The gnoll hits you from afar with a +2 vampiric spear. 😮 HP[-4]
You take 4 damage, and now have 26/39 hp.
The gnoll barely misses you.
You hit the gnoll but do no damage. The rat barely misses you.
The gnoll hits you with a +2 vampiric spear.
The rat bites you. 😮 HP[-3]
You take 3 damage, and now have 23/39 hp.
You barely miss the gnoll.
The gnoll hits you with a +2 vampiric spear!
* * * LOW HITPOINT WARNING * * *
The rat barely misses you. The gnoll closely misses you. 😨 HP[-6]
You take 6 damage, and now have 17/39 hp.
You closely miss the gnoll. Your headbutt misses the gnoll.
The gnoll closely misses you. You furiously retaliate!
You headbutt the gnoll! The rat bites you but does no damage.
The gnoll hits you with a +2 vampiric spear.
* * * LOW HITPOINT WARNING * * *
😨 HP[-5]
You take 5 damage, and now have 12/39 hp.
You sock the gnoll! Your headbutt misses the gnoll.
You punch the gnoll, but do no damage.
The gnoll hits you with a +2 vampiric spear.
* * * LOW HITPOINT WARNING * * *
The gnoll draws strength from your wounds!
The rat closely misses you. The gnoll hits you with a +0 whip.
* * * LOW HITPOINT WARNING * * *
😱 HP[-8]
You take 8 damage, and now have 4/39 hp.
MASSIVE DAMAGE!! (PAUSE)
As you read the scroll labelled ICEUCW UBUIHA XOVY, it crumbles to dust.
You feel strangely unstable.
It was a scroll of teleportation.
The gnoll hits you with a +2 vampiric spear.
* * * LOW HITPOINT WARNING * * *
The gnoll draws strength from your wounds!
The gnoll misses you. The rat bites you.
* * * LOW HITPOINT WARNING * * *
😱 HP[-3]
You take 3 damage, and now have 1/39 hp.
It was a potion of might.
You feel very mighty all of a sudden. The rat bites you but does no damage.
The gnoll hits you with a +0 whip!
You die...

Skill      XL: |  1  2  3 |
---------------+----------+-----
Maces & Flails | 3 4 5 |  5.6
Fighting       | |  3.6
Dodging        | |  2.1
Stealth        | |  4.1

Action                     |  1- 3 |  4- 6 || total
---------------------------+-------+-------++-------
  Melee: Mace              |    73 |    13 ||    86
         Headbutt          |     8 |     1 ||     9
         Club              |     2 |       ||     2
         Punch             |       |     1 ||     1
    Use: Scroll            |     1 |     1 ||     2
         Potion            |       |     1 ||     1
   Stab: Sleeping          |     4 |       ||     4
 Armour: Leather armour    |    22 |     4 ||    26
  Dodge: Dodged            |    35 |    15 ||    50

Levels and vault maps discovered:
D:1:      lightli_arrival_noodles, layout_basic,
          ebering_ecumenical_altar_abandoned, serial_bayou_pond_c
D:2:      layout_basic, uniq_crazy_yiuf_cottage, uniq_robin, uniq_terence
D:3:      layout_rooms
D:4:      minmay_razor_zed, layout_loops_cross, uniq_edmund
D:5:      layout_cave_pools, nicolae_overflow_hidden_temple

Notes
Turn   | Place    | Note
-------+----------+-------------------------------------------
     0 | D:5      | Kenran the Minotaur Delver began the quest for the Orb.
     0 | D:5      | Reached XP level 1. HP: 19/19 MP: 0/0
     0 | D:5      | magus.rc [v1.11.6]
   213 | D:3      | Reached skill level 3 in Maces & Flails
   219 | D:3      | Noticed an orc priest
   309 | D:1      | Reached XP level 2. HP: 25/26 MP: 1/1
   511 | D:1      | You add the spells Inner Flame, Sticky Flame and Flame Wave
                  | to your library.
   658 | D:1      | Found a faded altar of an unknown god.
   670 | D:1      | Reached skill level 4 in Maces & Flails
  1175 | D:2      | Noticed Robin
  1181 | D:2      | Reached XP level 3. HP: 26/31 MP: 2/2
  1189 | D:1      | Killed Robin
  1327 | D:2      | You add the spells Poisonous Vapours, Mephitic Cloud and
                  | Freezing Cloud to your library.
  1392 | D:2      | Reached skill level 5 in Maces & Flails
  1601 | D:2      | Reached XP level 4. HP: 36/39 MP: 3/3
  1725 | D:2      | HP: 4/39 [gnoll/+0 whip (6)]
  1726 | D:2      | HP: 1/39 [rat (1)]
  1727 | D:2      | Slain by a gnoll

Vanquished Creatures
  Robin (D:1)
  2 gnolls (D:2)
  An adder (D:2)
  2 dart slugs
  An orc (D:4)
  4 ball pythons
  4 endoplasms
  A giant cockroach (D:2)
  7 goblins
  5 hobgoblins
  5 kobolds
  2 quokkas
  2 bats (D:1)
  3 frilled lizards
  4 rats
44 creatures vanquished.

Table legend:
 A = Non-vault XP
 B = Vault XP
 C = Vault XP percentage of total XP
 D = Non-vault monster count
 E = Vault monster count
 F = Vault count percentage of total count
                 A         B        C        D         E       F
            +---------+---------+-------+---------+---------+-------
      Total |     101 |      26 |  20.5 |      38 |       6 |  13.6
            +---------+---------+-------+---------+---------+-------
        D:1 |      26 |      16 |  38.1 |      16 |       1 |   5.9
        D:2 |      66 |      10 |  13.2 |      19 |       5 |  20.8
        D:3 |       6 |       0 |   0.0 |       2 |       0 |   0.0
        D:4 |       3 |       0 |   0.0 |       1 |       0 |   0.0
            +---------+---------+-------+---------+---------+-------

Skill      XL: |  1  2  3 |
---------------+----------+-----
Maces & Flails | 3 4 5 |  5.6
Fighting       | |  3.6
Dodging        | |  2.1
Stealth        | |  4.1

Action                     |  1- 3 |  4- 6 || total
---------------------------+-------+-------++-------
  Melee: Mace              |    73 |    13 ||    86
         Headbutt          |     8 |     1 ||     9
         Club              |     2 |       ||     2
         Punch             |       |     1 ||     1
    Use: Scroll            |     1 |     1 ||     2
         Potion            |       |     1 ||     1
   Stab: Sleeping          |     4 |       ||     4
 Armour: Leather armour    |    22 |     4 ||    26
  Dodge: Dodged            |    35 |    15 ||    50

Illustrated notes

Table legend:
 A = Kills in this place as a percentage of kills in the entire game.
 B = Kills by you in this place as a percentage of kills by you in the entire game.
 C = Kills by friends in this place as a percentage of kills by friends in the entire game.
 D = Other kills in this place as a percentage of other kills in the entire game.
 E = Experience gained in this place as a percentage of experience gained in the entire game.
 F = Experience gained in this place divided by the number of levels of this place that you have seen.
                   A       B       C       D       E      F
               +-------+-------+-------+-------+-------+----------------------
         Total | 100.0 | 100.0 |   N/A |   N/A | 100.0 |  25.4
       Dungeon | 100.0 | 100.0 |   N/A |   N/A | 100.0 |  25.4
               +-------+-------+-------+-------+-------+----------------------

Table legend: (Time is in decaauts)
 A = Elapsed time spent in this place.
 B = Non-inter-level travel time spent in this place.
 C = Inter-level travel time spent in this place.
 D = Time resting spent in this place.
 E = Time spent auto-exploring this place.
 F = Levels seen in this place.
 G = Mean time per level.
                   A        B        C        D        E       F      G
               +--------+--------+--------+--------+--------+-----+--------+
         Total |   1752 |   1714 |     38 |    176 |    971 |   5 |  350.4 |
       Dungeon |   1752 |   1714 |     38 |    176 |    971 |   5 |  350.4 |
               +--------+--------+--------+--------+--------+-----+--------+

Top non-repeatable levels by time:
     D:1: 1041 daAuts
     D:2: 474 daAuts
     D:4: 96 daAuts
     D:5: 76 daAuts
     D:3: 65 daAuts
